TOP OF THE 1ST |
Eau Claire Esquires batting - Pitching for Saskatoon Smokin' Guns : RHP Arthur Kemp
|
Pitching: RHP Arthur Kemp
|
|
Batting: RHB Juan Castillo
|
0-0: Called Strike 0-1: SINGLE (Flyball, 7LS)
|
Batting: RHB Tomás Rivera
|
0-0: Ball 1-0: Foul Ball, location: 2F 1-1: Ball 2-1: Ball 3-1: Swinging Strike 3-2: Strikes out looking Throwing error on steal attempt, E2 Juan Castillo to third
|
Batting: RHB Eric Black
|
0-0: Ball 1-0: Ball 2-0: Ball 3-0: Base on Balls
|
Batting: LHB Johnny Foley
|
0-0: Ball 1-0: Ball 2-0: Foul Ball, location: 2F 2-1: Called Strike Eric Black is caught stealing 2nd base 2-2: Foul Ball, location: 2F 2-2: Foul Ball, location: 2F 2-2: Ball 3-2: Base on Balls
|
Batting: RHB Carlos García
|
0-0: Ball 1-0: Called Strike 1-1: Called Strike 1-2: Fielders Choice at 2nd, 5-4 (Groundball, 56)
|
Top of the 1st over - 0 run(s), 1 hit(s), 1 error(s), 1 left on base; Eau Claire 0 - Saskatoon 0 |
BOTTOM OF THE 1ST |
Saskatoon Smokin' Guns batting - Pitching for Eau Claire Esquires : LHP Tim Davidson
|
Pitching: LHP Tim Davidson
|
|
Batting: RHB Pedro Cabrera
|
0-0: Called Strike 0-1: Fly out, F8 (Line Drive, 8RS)
|
Batting: RHB Julián García
|
0-0: Called Strike 0-1: Called Strike 0-2: Ball 1-2: Foul Ball, location: 2F 1-2: Ground out 4-3 (Groundball, 4D)
|
Batting: RHB Joaquín Luna
|
0-0: Ball 1-0: Called Strike 1-1: Called Strike 1-2: Ground out 6-3 (Groundball, 6)
|
Bottom of the 1st over - 0 run(s), 0 hit(s), 0 error(s), 0 left on base; Eau Claire 0 - Saskatoon 0 |
TOP OF THE 2ND |
Eau Claire Esquires batting - Pitching for Saskatoon Smokin' Guns : RHP Arthur Kemp
|
Batting: LHB Shawn Brown
|
0-0: Ball 1-0: Ball 2-0: Called Strike 2-1: Swinging Strike 2-2: Strikes out swinging
|
Batting: SHB Darren Ramsey
|
0-0: Swinging Strike 0-1: Ball 1-1: Foul Ball, location: 2F 1-2: Ball 2-2: Foul Ball, location: 2F 2-2: Foul Ball, location: 2F 2-2: Ball 3-2: Strikes out swinging, 2-3 out at first.
|
Batting: RHB Gary Roberts
|
0-0: Ball 1-0: Ball 2-0: Fly out, F9 (Flyball, 9LS)
|
Top of the 2nd over - 0 run(s), 0 hit(s), 0 error(s), 0 left on base; Eau Claire 0 - Saskatoon 0 |
BOTTOM OF THE 2ND |
Saskatoon Smokin' Guns batting - Pitching for Eau Claire Esquires : LHP Tim Davidson
|
Batting: RHB Brendon Little
|
0-0: Ball 1-0: Fly out, F7 (Flyball, 78S)
|
Batting: LHB Rubén Salazar
|
0-0: Ball 1-0: Foul Ball, location: 2F 1-1: Hit by Pitch
|
Batting: LHB José Domínguez
|
0-0: Ball 1-0: Ball 2-0: Grounds into double play, 4-6-3 (Groundball, 4)
|
Bottom of the 2nd over - 0 run(s), 0 hit(s), 0 error(s), 0 left on base; Eau Claire 0 - Saskatoon 0 |
TOP OF THE 3RD |
Eau Claire Esquires batting - Pitching for Saskatoon Smokin' Guns : RHP Arthur Kemp
|
Batting: RHB Chet White
|
0-0: Ground out 6-3 (Groundball, 6)
|
Batting: RHB Juan Castillo
|
0-0: Ball 1-0: Foul Ball, location: 2F 1-1: Ball 2-1: Ball 3-1: Called Strike 3-2: Ground out 1-3 (Groundball, 13)
|
Batting: RHB Tomás Rivera
|
0-0: Fly out, F6 (Line Drive, 6)
|
Top of the 3rd over - 0 run(s), 0 hit(s), 0 error(s), 0 left on base; Eau Claire 0 - Saskatoon 0 |
BOTTOM OF THE 3RD |
Saskatoon Smokin' Guns batting - Pitching for Eau Claire Esquires : LHP Tim Davidson
|
Batting: RHB Henry Jackson
|
0-0: Hit by Pitch
|
Batting: RHB Johnny Hawson
|
0-0: Ball 1-0: Swinging Strike 1-1: Fly out, F8 (Flyball, 8RD)
|
Batting: RHB Artie Turner
|
0-0: Foul Ball, location: 2F 0-1: Fielders Choice at 2nd, 1-6 (Groundball, P)
|
Batting: RHB Pedro Cabrera
|
0-0: Foul Ball, location: 2F 0-1: Called Strike 0-2: Foul Ball, location: 2F 0-2: Ball 1-2: Strikes out looking
|
Bottom of the 3rd over - 0 run(s), 0 hit(s), 0 error(s), 1 left on base; Eau Claire 0 - Saskatoon 0 |
TOP OF THE 4TH |
Eau Claire Esquires batting - Pitching for Saskatoon Smokin' Guns : RHP Arthur Kemp
|
Batting: RHB Eric Black
|
0-0: Ball 1-0: Ball 2-0: Ball 3-0: Called Strike 3-1: SINGLE (Flyball, 9S)
|
Batting: LHB Johnny Foley
|
0-0: Fielders Choice at 2nd, 1-6 (Groundball, 13)
|
Batting: RHB Carlos García
|
0-0: Foul Ball, location: 2F 0-1: Ball 1-1: Ball 2-1: Ground out 5-3 (Groundball, 56S) Johnny Foley to second
|
Batting: LHB Shawn Brown
|
0-0: Foul Ball, location: 2F 0-1: Reached on error, E4 (Groundball, 4) Johnny Foley scores
|
Batting: SHB Darren Ramsey
|
0-0: Called Strike 0-1: Fly out, F9 (Flyball, 9)
|
Top of the 4th over - 1 run(s), 1 hit(s), 1 error(s), 1 left on base; Eau Claire 1 - Saskatoon 0 |
BOTTOM OF THE 4TH |
Saskatoon Smokin' Guns batting - Pitching for Eau Claire Esquires : LHP Tim Davidson
|
Batting: RHB Julián García
|
0-0: Called Strike 0-1: Ball 1-1: Ground out 5-3 (Groundball, 5S)
|
Batting: RHB Joaquín Luna
|
0-0: Ball 1-0: Swinging Strike 1-1: Called Strike 1-2: Ball 2-2: Foul Ball, location: 2F 2-2: Foul Ball, location: 2F 2-2: Strikes out looking
|
Batting: RHB Brendon Little
|
0-0: Ball 1-0: Called Strike 1-1: Ball 2-1: Foul Ball, location: 2F 2-2: Strikes out swinging
|
Bottom of the 4th over - 0 run(s), 0 hit(s), 0 error(s), 0 left on base; Eau Claire 1 - Saskatoon 0 |
TOP OF THE 5TH |
Eau Claire Esquires batting - Pitching for Saskatoon Smokin' Guns : RHP Arthur Kemp
|
Batting: RHB Gary Roberts
|
0-0: Foul Ball, location: 2F 0-1: Swinging Strike 0-2: Ball 1-2: Ball 2-2: Strikes out looking
|
Batting: RHB Chet White
|
0-0: DOUBLE (Line Drive, 78D)
|
Batting: RHB Juan Castillo
|
0-0: Called Strike 0-1: Ball 1-1: Ball 2-1: Foul Ball, location: 2F 2-2: Ball 3-2: Strikes out swinging
|
Batting: RHB Tomás Rivera
|
0-0: Ball 1-0: Called Strike 1-1: Ball 2-1: Foul Ball, location: 2F 2-2: Ball 3-2: Foul Ball, location: 2F 3-2: Ground out 4-3 (Groundball, 4)
|
Top of the 5th over - 0 run(s), 1 hit(s), 0 error(s), 1 left on base; Eau Claire 1 - Saskatoon 0 |
BOTTOM OF THE 5TH |
Saskatoon Smokin' Guns batting - Pitching for Eau Claire Esquires : LHP Tim Davidson
|
Batting: LHB Rubén Salazar
|
0-0: Ball 1-0: Ball 2-0: Ground out 4-3 (Groundball, 4S)
|
Batting: LHB José Domínguez
|
0-0: Ball 1-0: Fly out, F8 (Line Drive, 89M)
|
Batting: RHB Henry Jackson
|
0-0: Ground out 5-3 (Groundball, 56S)
|
Bottom of the 5th over - 0 run(s), 0 hit(s), 0 error(s), 0 left on base; Eau Claire 1 - Saskatoon 0 |
TOP OF THE 6TH |
Eau Claire Esquires batting - Pitching for Saskatoon Smokin' Guns : RHP Arthur Kemp
|
Batting: RHB Eric Black
|
0-0: Swinging Strike 0-1: SINGLE (Groundball, 56D)
|
Batting: LHB Johnny Foley
|
0-0: Ball 1-0: Swinging Strike 1-1: Ball 2-1: Ball 3-1: Base on Balls Eric Black to second
|
Pitching: LHP Ernesto Pérez
|
|
Batting: RHB Carlos García
|
0-0: Ball 1-0: Fly out, F4 (Popup, 4MS)
|
Batting: LHB Shawn Brown
|
0-0: Ball 1-0: Fly out, F8 (Flyball, 8LM)
|
Batting: SHB Darren Ramsey
|
0-0: Ball 1-0: Foul Ball, location: 2F 1-1: Swinging Strike 1-2: Fielders Choice at 2nd, 6-4 (Groundball, 6)
|
Top of the 6th over - 0 run(s), 1 hit(s), 0 error(s), 1 left on base; Eau Claire 1 - Saskatoon 0 |
BOTTOM OF THE 6TH |
Saskatoon Smokin' Guns batting - Pitching for Eau Claire Esquires : LHP Tim Davidson
|
Batting: RHB Johnny Hawson
|
0-0: Called Strike 0-1: Ball 1-1: Foul Ball, location: 2F 1-2: Strikes out swinging
|
Batting: RHB Artie Turner
|
0-0: Ball 1-0: SOLO HOME RUN (Flyball, 7D), Distance : 418 ft
|
Batting: RHB Pedro Cabrera
|
0-0: Foul Ball, location: 2F 0-1: Ball 1-1: DOUBLE (Flyball, 89XD)
|
Batting: RHB Julián García
|
0-0: Ball 1-0: Foul Ball, location: 2F 1-1: Ball 2-1: Foul Ball, location: 2F 2-2: Foul Ball, location: 2F 2-2: Ball 3-2: Base on Balls
|
Batting: RHB Joaquín Luna
|
0-0: Called Strike Pedro Cabrera steals 3rd base Julián García to second 0-1: Swinging Strike 0-2: Ball 1-2: Fly out, F4 (Popup, 34D)
|
Batting: RHB Brendon Little
|
0-0: Foul Ball, location: 2F 0-1: Foul Ball, location: 2F 0-2: Foul Ball, location: 2F 0-2: Ball 1-2: Ball 2-2: Ball 3-2: SINGLE (Flyball, 89S) Pedro Cabrera scores Julián García to third Julián García scores
|
Batting: LHB Rubén Salazar
|
0-0: Ball 1-0: SINGLE (Groundball, 4) (infield hit) Brendon Little to second
|
Batting: LHB José Domínguez
|
0-0: Called Strike 0-1: Swinging Strike 0-2: Strikes out swinging
|
Bottom of the 6th over - 3 run(s), 4 hit(s), 0 error(s), 2 left on base; Eau Claire 1 - Saskatoon 3 |
TOP OF THE 7TH |
Eau Claire Esquires batting - Pitching for Saskatoon Smokin' Guns : LHP Ernesto Pérez
|
Batting: RHB Gary Roberts
|
0-0: Foul Ball, location: 2F 0-1: Ball 1-1: Ball 2-1: Ball 3-1: Called Strike 3-2: Strikes out swinging
|
Batting: RHB Chet White
|
0-0: Ball 1-0: Ball 2-0: Ball 3-0: Base on Balls
|
Batting: RHB Juan Castillo
|
0-0: Swinging Strike 0-1: Called Strike 0-2: Strikes out swinging
|
Batting: RHB Tomás Rivera
|
0-0: Called Strike 0-1: Ball 1-1: Ground out 6-3 (Groundball, 6S)
|
Top of the 7th over - 0 run(s), 0 hit(s), 0 error(s), 1 left on base; Eau Claire 1 - Saskatoon 3 |
BOTTOM OF THE 7TH |
Saskatoon Smokin' Guns batting - Pitching for Eau Claire Esquires : LHP Tim Davidson
|
Batting: RHB Henry Jackson
|
0-0: Called Strike 0-1: Ball 1-1: Called Strike 1-2: Ball 2-2: Foul Ball, location: 2F 2-2: Foul Ball, location: 2F 2-2: Foul Ball, location: 2F 2-2: Strikes out swinging
|
Pitching: RHP Armando Torres
|
|
Batting: RHB Johnny Hawson
|
0-0: Fly out, F9 (Flyball, 89M)
|
Batting: RHB Artie Turner
|
0-0: Ball 1-0: Swinging Strike 1-1: Ball 2-1: Foul Ball, location: 2F 2-2: Ball 3-2: Strikes out looking
|
Bottom of the 7th over - 0 run(s), 0 hit(s), 0 error(s), 0 left on base; Eau Claire 1 - Saskatoon 3 |
TOP OF THE 8TH |
Eau Claire Esquires batting - Pitching for Saskatoon Smokin' Guns : LHP Ernesto Pérez
|
Batting: RHB Eric Black
|
0-0: Fly out, F7 (Flyball, 7)
|
Pitching: RHP Pat Ferson
|
|
Batting: LHB Johnny Foley
|
0-0: TRIPLE (Flyball, 89XD)
|
Pitching: RHP Ismael Ramírez
|
|
Batting: RHB Carlos García
|
0-0: Foul Ball, location: 2F 0-1: Ball 1-1: Called Strike 1-2: Strikes out looking
|
Batting: LHB Shawn Brown
|
0-0: Ball 1-0: Called Strike 1-1: Ball 2-1: Ground out 4-3 (Groundball, 4)
|
Top of the 8th over - 0 run(s), 1 hit(s), 0 error(s), 1 left on base; Eau Claire 1 - Saskatoon 3 |
BOTTOM OF THE 8TH |
Saskatoon Smokin' Guns batting - Pitching for Eau Claire Esquires : RHP Armando Torres
|
Batting: RHB Pedro Cabrera
|
0-0: Called Strike 0-1: Ball 1-1: Ball 2-1: Ground out 4-3 (Groundball, 4)
|
Batting: RHB Julián García
|
0-0: Called Strike 0-1: Called Strike 0-2: Ball 1-2: Ground out U3 (Groundball, 34)
|
Batting: RHB Joaquín Luna
|
0-0: SOLO HOME RUN (Flyball, 7D), Distance : 418 ft
|
Batting: RHB Brendon Little
|
0-0: Ball 1-0: Ball 2-0: Called Strike 2-1: Swinging Strike 2-2: Ball 3-2: Foul Ball, location: 2F 3-2: Ground out 5-3 (Groundball, 56S)
|
Bottom of the 8th over - 1 run(s), 1 hit(s), 0 error(s), 0 left on base; Eau Claire 1 - Saskatoon 4 |
TOP OF THE 9TH |
Eau Claire Esquires batting - Pitching for Saskatoon Smokin' Guns : RHP Ismael Ramírez
|
Pitching: LHP Pedro González
|
|
Batting: SHB Darren Ramsey
|
0-0: Ground out 1-3 (Groundball, P)
|
Batting: RHB Gary Roberts
|
0-0: Ball 1-0: Bunt for hit - play at first, batter OUT! 2-3
|
Batting: RHB Chet White
|
0-0: Called Strike 0-1: Ball 1-1: Ball 2-1: Ball 3-1: Called Strike 3-2: Base on Balls
|
Batting: RHB Juan Castillo
|
0-0: Foul Ball, location: 2F 0-1: Ball 1-1: Ball 2-1: Swinging Strike 2-2: Ball 3-2: Foul Ball, location: 2F 3-2: Strikes out swinging
|
Top of the 9th over - 0 run(s), 0 hit(s), 0 error(s), 1 left on base; Eau Claire 1 - Saskatoon 4 |
|